 Dungeon Crawl Stone Soup version 0.30-a0-723-gc1506a1cf0 (webtiles) character file.

Game seed: 12965908793424881247

121 timneilson the Covered (level 5, -13/33 HPs)
             Began as a Gargoyle Fighter on Jan 28, 2023.
             Killed by divine providence
             ... invoked by an orc priest
              (15 damage)
             ... on level 3 of the Dungeon.
             The game lasted 00:02:33 (2208 turns).

timneilson the Covered (Gargoyle Fighter)           Turns: 2208, Time: 00:02:34

Health: -13/33     AC: 12    Str: 22    XL:     5   Next: 5%
Magic:  5/5        EV:  9    Int:  8    God:
Gold:   54         SH:  4    Dex:  9    Spells: 4/4 levels left

rFire   . . .      SeeInvis .    a - +0 long sword
rCold   + . .      Faith    .    c - +0 buckler
rNeg    + . .      Spirit   .    b - +0 scale mail
rPois   ∞          Reflect  .    o - +0 hat
rElec   +          Harm     .    (no cloak)
rCorr   .          Rampage  .    (no gloves)
Will    .....                    m - +0 pair of boots Stlth
                                 (no amulet)
HPRegen 0.25/turn                g - ring of protection from cold
MPRegen 0.09/turn                (no ring)

@: no status effects
A: sickness immunity, AC +4, negative energy resistance 1, electricity
resistance, torment resistance 1, petrification resistance
a: no special abilities


You were on level 3 of the Dungeon.
You visited 1 branch of the dungeon, and saw 3 of its levels.

You collected 54 gold pieces.

Inventory:

Hand Weapons
 a - a +0 long sword (weapon)
Armour
 b - a +0 scale mail (worn)
 c - a +0 buckler (worn)
 m - a +0 pair of boots (worn)
 o - a +0 hat (worn)
Jewellery
 g - a ring of protection from cold (left hand)
 l - an amulet of reflection
Scrolls
 f - a scroll of amnesia
 h - a scroll of poison
Potions
 d - a potion of might
 e - 3 potions of mutation
 i - a potion of invisibility
 k - a potion of brilliance {unknown}
 n - a potion of curing {unknown}


   Skills:
 + Level 3.6 Fighting
 * Level 2.9 Long Blades
 * Level 4.1 Armour
 + Level 0.9 Dodging
 * Level 4.1 Shields


You had 4 spell levels left.
You didn't know any spells.
Your spell library contained the following spells:

 Spells                   Type           Power      Damage    Failure   Level
 Sting                    Tmut/Pois      0%         1d3       82%         1
 Poisonous Vapours        Pois/Air       0%         N/A       91%         2
 Scorch                   Fire           0%         2d5       91%         2
 Flame Wave               Conj/Fire      0%         2d4       100%        4
 Olgreb's Toxic Radiance  Pois           0%         N/A       100%        4
 Summon Cactus Giant      Summ           0%         N/A       100%        6


Dungeon Overview and Level Annotations

Branches:
Dungeon (3/15)

Altars:

Shops:
D:2 :


Innate Abilities, Weirdness & Mutations

You are immune to sickness and miasma.
Your stone body is resilient. (AC +4)
You are immune to poison.
You resist negative energy. (rN+)
You are resistant to electric shocks. (rElec)
You are resistant to unholy torment.
You are immune to petrification.


Message History

The orc wizard is almost dead.
The goblin misses you. The orc wizard completely misses you.
The orc priest barely misses you.
You barely miss the orc wizard.
The orc wizard is almost dead.
The goblin hits you but does no damage.
The orc priest hits you but does no damage.
The orc wizard closely misses you.
The orc priest casts a cantrip, but nothing happens.
The orc wizard hits you but does no damage.
The goblin hits you but does no damage.
You closely miss the orc wizard.
The orc wizard is almost dead.
You block the goblin's attack. The orc wizard casts a spell at you.
The magic dart hits you.
The orc priest hits you but does no damage.
You slash the orc wizard!
You kill the orc wizard!
The goblin hits you but does no damage.
The orc priest invokes the aid of Beogh against you.
Beogh smites you!
* * * LOW HITPOINT WARNING * * *
You have reached level 5!
You feel much better.
The orc priest calls down the wrath of Beogh upon you.
Beogh smites you!
Ouch! That really hurt!
The goblin hits you but does no damage.
You hit the orc priest.
The orc priest is lightly wounded.
The goblin hits you but does no damage.
The orc priest invokes the aid of Beogh against you.
Beogh smites you!
* * * LOW HITPOINT WARNING * * *
You barely miss the orc priest.
The orc priest is lightly wounded.
The orc priest mumbles some strange prayers to Beogh against you.
Beogh smites you!
You die...

#.### _'' ....## ''
##....# '' .....####.
#. #...#...# #.
#..#..#.# #. #....#..#
##.## ######..##g.#
##...###........@o#...#
.........####..#)#..#.#
#...##..####..#..?## #
##..[.........#.###
#............#.#
##.##..###...#.#
#.##.(# #...... #.##..#
#.###.. #.##..#


You could see an orc priest and a goblin.

Vanquished Creatures
  An orc wizard (D:3)
  4 adders
  2 dart slugs
  3 worms
  An orc (D:3)
  3 bats
  4 endoplasms
  4 giant cockroaches
  2 goblins
  4 hobgoblins
  4 jackals (D:2)
  A quokka (D:1)
  6 ball pythons
  2 frilled lizards
  4 kobolds
  4 rats
49 creatures vanquished.

Notes
Turn   | Place    | Note
-------+----------+-------------------------------------------
     0 | D:1      | timneilson the Gargoyle Fighter began the quest for the
                  | Orb.
     0 | D:1      | Reached XP level 1. HP: 14/14 MP: 1/1
   145 | D:1      | Reached XP level 2. HP: 19/19 MP: 2/2
   766 | D:1      | Reached XP level 3. HP: 23/23 MP: 3/3
  1162 | D:2      | Reached XP level 4. HP: 28/28 MP: 4/4
  1402 | D:2      | Found Tyano's Book Shop.
  2189 | D:3      | Found a faded altar of an unknown god.
  2206 | D:3      | Reached XP level 5. HP: 7/33 MP: 5/5
  2208 | D:3      | Killed from afar by an orc priest

Illustrated notes

Levels and vault maps discovered:
D:1:      saegor_arrival_simple_e, layout_loops_corners, minivault_4
D:2:      layout_basic, serial_shops, nicolae_lakefront_shop
D:3:      layout_loops_ring, chequers_temple_overflow_statue_of_worship,
          dk_yredelemnul_ordeal, hellmonk_ecumenical_altar_heavens_door,
          amcnicky_mini_pool_small

Skill      XL: |  1  2  3  4 |
---------------+-------------+-----
Long Blades    | 2 |  2.9
Shields        | 4 |  4.1
Armour         | 4 |  4.1
Fighting       | |  3.6
Dodging        | |  0.9

Action                     |  1- 3 |  4- 6 || total
---------------------------+-------+-------++-------
  Melee: Long sword        |   106 |    87 ||   193
    Use: Scroll            |     3 |     2 ||     5
         Potion            |       |     1 ||     1
 Armour: Scale mail        |    46 |    70 ||   116
  Dodge: Dodged            |    61 |    45 ||   106
  Block: Buckler           |    14 |    19 ||    33

Table legend: (Time is in decaauts)
 A = Elapsed time spent in this place.
 B = Non-inter-level travel time spent in this place.
 C = Inter-level travel time spent in this place.
 D = Time resting spent in this place.
 E = Time spent auto-exploring this place.
 F = Levels seen in this place.
 G = Mean time per level.
                   A        B        C        D        E       F      G
               +--------+--------+--------+--------+--------+-----+--------+
         Total |   2270 |   2096 |    174 |      0 |   1665 |   3 |  756.7 |
       Dungeon |   2270 |   2096 |    174 |      0 |   1665 |   3 |  756.7 |
               +--------+--------+--------+--------+--------+-----+--------+

Top non-repeatable levels by time:
     D:1: 1050 daAuts
     D:2: 1047 daAuts
     D:3: 172 daAuts
